 Dungeon Crawl Stone Soup version 0.24.0-13-gcf9b319 (webtiles) character file.

Game seed: 4367667764185777493, levelgen mode: deterministic

106 Bronimir the Digger (level 4, -1/27 HPs)
             Began as an Octopode Earth Elementalist on Mar 28, 2020.
             Slain by a bullfrog skeleton (5 damage)
             ... on level 3 of the Dungeon.
             The game lasted 00:07:32 (2762 turns).

Bronimir the Digger (Octopode Earth Elementalist)   Turns: 2762, Time: 00:07:33

Health: -1/27      AC:  1    Str:  7    XL:     4   Next: 84%
Magic:  2/8        EV: 13    Int: 18    God:
Gold:   113        SH:  0    Dex: 12    Spells: 3/9 levels left

rFire    . . .     SeeInvis .   b - +0 hunting sling
rCold    + . .     Gourm    .   (no shield)
rNeg     . . .     Faith    .   (helmet restricted)
rPois    .         Spirit   .   (no amulet)
rElec    .         Reflect  .   g - ring of protection from cold
rCorr    .         Harm     .   (no ring)
MR       .....                  (no ring)
Stlth    +++.......             (no ring)
HPRegen  0.09/turn              (no ring)
MPRegen  0.11/turn              (no ring)
                                (no ring)
                                (no ring)

@: very slightly contaminated
A: almost no armour, stealthy swim, amphibious, 8 rings, constrict 8, camouflage
1, gelatinous body 1
a: no special abilities


You were on level 3 of the Dungeon.
You were hungry.

You visited 1 branch of the dungeon, and saw 3 of its levels.

You collected 113 gold pieces.

Inventory:

Hand Weapons
 a - a +0 short sword
 b - a +0 hunting sling (weapon)
 j - a +0 hand axe
 t - a +0 war axe
Missiles
 c - 19 arrows
 d - 3 boomerangs
 f - 11 poisoned darts
 l - 6 bolts
 n - 85 stones
 v - 21 sling bullets (quivered)
Jewellery
 g - a ring of protection from cold (left tentacle)
Scrolls
 e - 2 scrolls of remove curse {unknown}
 i - 2 scrolls of magic mapping {unknown}
 o - a scroll of random uselessness {unknown}
Potions
 h - a potion of mutation {unknown}
 k - a potion of might {unknown}
 m - a potion of agility {unknown}
 p - a potion of brilliance {unknown}
 q - a potion of ambrosia {unknown}
 r - a potion of haste {unknown}
Comestibles
 s - 3 chunks of flesh
 u - a ration


   Skills:
 + Level 0.2 Short Blades
 + Level 2.2 Dodging
 - Level 2.8 Stealth
 * Level 3.0 Spellcasting
 * Level 1.0 Conjurations
 + Level 1.0 Transmutations
 * Level 4.3 Earth Magic


You had 3 spell levels left.
You knew the following spells:

 Your Spells              Type           Power        Failure   Level  Hunger
a - Sandblast             Erth           ###...       2%          1    None
b - Passwall              Tmut/Erth      ##......     9%          2    ##.....
c - Stone Arrow           Conj/Erth      ##....       16%         3    ###....

Your spell library contained the following spells:

 Spells                   Type           Power        Failure   Level  Hunger
 Petrify                  Tmut/Erth      ##......     47%         4    ####...
 Lee's Rapid Deconstruct  Erth           ###.......   58%         5    ######.


Dungeon Overview and Level Annotations

Branches:
Dungeon (3/15)

Altars:
Elyvilon
Hepliaklqana
Nemelex Xobeh


Innate Abilities, Weirdness & Mutations

You cannot wear most types of armour.
You are very stealthy in the water. (Stealth+)
You are amphibious.
You can wear up to eight rings at the same time.
You can use your tentacles to constrict eight enemies at once.
Your skin changes colour to match your surroundings (Stealth+).
Your rubbery body absorbs attacks. (AC +1, EV +1)


Message History

You miscast Sandblast.
Nothing appears to happen.
The bullfrog skeleton closely misses you.
The bullfrog skeleton misses you.
Casting: Sandblast (safe; 2% risk of failure)
Confirm with . or Enter, or press ? or * to list all spells.
You don't have enough magic to cast that spell.
Unknown command.
The bullfrog skeleton hits you.
The bullfrog skeleton closely misses you.
The bullfrog skeleton closely misses you.
The bullfrog skeleton completely misses you.
You see here a jackal skeleton.
The bullfrog skeleton hits you.
* * * LOW HITPOINT WARNING * * *
You see here a jackal skeleton.
There is a stone staircase leading up here.
The bullfrog skeleton hits you.
* * * LOW HITPOINT WARNING * * *
The bullfrog skeleton hits you.
You die...

#...# ... ##. #.# #. #####
######### #.# ## #.#.#
#.......# #.# # #.#.#
##.#.##.# #.# # .# #.#.#
#.#.##.####.##### .#
#...########.#..............
.#
#.÷........#.####....#......
.# #.#........@.#
####.####### .#
#.########Z### #.# ### .#
#.# #g# #.# #.. .#####.# #÷#
# #.# ###..
.......########K##.... ..#
#.... ...##....sK.g..>...#
### #....
##.##.##.########### #....
#.##.##.# ###.. #.##.##g#
#..


You could see a hobgoblin, a kobold and a bullfrog skeleton.

Vanquished Creatures
  3 adders
  An ooze (D:1)
  2 dart slugs
  A leopard gecko (D:2)
  5 giant cockroaches
  5 goblins
  7 hobgoblins
  11 jackals
  A ball python (D:2)
  7 bats
  4 frilled lizards
  12 kobolds
  7 rats
66 creatures vanquished.

Vanquished Creatures (others)
  A giant cockroach (D:3)
1 creature vanquished.

Grand Total: 67 creatures vanquished

Notes
Turn   | Place    | Note
-------+----------+-------------------------------------------
     0 | D:1      | Bronimir the Octopode Earth Elementalist began the quest
                  | for the Orb.
     0 | D:1      | Reached XP level 1. HP: 11/11 MP: 3/3
   318 | D:1      | Reached XP level 2. HP: 16/17 MP: 1/5
   425 | D:1      | Learned a level 2 spell: Passwall
   491 | D:1      | Reached XP level 3. HP: 13/21 MP: 1/6
   877 | D:1      | Learned a level 3 spell: Stone Arrow
  1785 | D:2      | Found a hazy altar of Hepliaklqana.
  1807 | D:2      | Reached skill level 4 in Earth Magic
  1807 | D:2      | Reached XP level 4. HP: 22/27 MP: 6/8
  1983 | D:2      | Found a sparkling altar of Nemelex Xobeh.
  2205 | D:3      | Found a white marble altar of Elyvilon.
  2723 | D:3      | Reached skill level 1 in Conjurations
  2762 | D:3      | Slain by a bullfrog skeleton

Levels and vault maps discovered:
D:1:      dpeg_arrival_solitude, layout_basic, minmay_indecisive_spiral
D:2:      layout_basic, nemelex_altar_shiori, nicolae_overflow_crystal_walls
D:3:      layout_loops_ring, grunt_temple_overflow_holy_war, lemuel_round_altar,
          first_ration, chequers_avenue

Skill      XL: |  1  2  3  4 |
---------------+-------------+-----
Earth Magic    | 4 |  4.3
Conjurations   | 1 |  1.0
Spellcasting   | 3 |  3.0
Short Blades   | |  0.2
Dodging        | |  2.2
Stealth        | |  2.8
Transmutations | |  1.0

Action                   |  1- 3 |  4- 6 || total
-------------------------+-------+-------++-------
Melee: Short sword       |    29 |    38 ||    67
       Unarmed           |     2 |       ||     2
       Tentacles         |     6 |     6 ||    12
       Constrict         |     7 |     9 ||    16
 Fire: Hunting sling     |       |     6 ||     6
 Cast: Sandblast         |    33 |    14 ||    47
       Stone Arrow       |     7 |     2 ||     9
 Stab: Sleeping          |     2 |     6 ||     8
  Eat: Chunk             |     1 |     2 ||     3
       Ration            |     1 |       ||     1
Armor: Skin              |     6 |     6 ||    12
Dodge: Dodged            |    31 |    41 ||    72
